 Dungeon Crawl Stone Soup version 0.31-a0-188-g5e087ee2ca (webtiles) character file.

Game seed: 16771814394392142580

30 qw the Shooter (level 3, -1/20 HPs)
             Began as a Deep Elf Hunter on June 23, 2023.
             Slain by a gnoll
             ... wielding a +3 spear
              (9 damage)
             ... on level 2 of the Dungeon.
             The game lasted 00:00:14 (795 turns).

qw the Shooter (Deep Elf Hunter)                     Turns: 795, Time: 00:00:14

Health: -1/20      AC:  6    Str: 10    XL:     3   Next: 5%
Magic:  5/5        EV:  9    Int: 13    God:
Gold:   929        SH:  5    Dex: 18    Spells: 2/2 levels left

rFire   . . .        Y - +0 shortbow
rCold   . . .        (shield currently unavailable)
rNeg    . . .        g - +0 scale mail
rPois   .            (no helmet)
rElec   .            (no cloak)
rCorr   .            (no gloves)
SInv    .            (no boots)
Will    .....        d - amulet of reflection
Stlth   +            (no ring)
HPRegen 0.23/turn    (no ring)
MPRegen 0.09/turn

%: reflection
@: no status effects
A: no striking features
a: no special abilities


You were on level 2 of the Dungeon.
You visited 1 branch of the dungeon, and saw 2 of its levels.

You collected 929 gold pieces.


   Skills:
 - Level 1.5 Fighting
 + Level 6.6 Ranged Weapons
 - Level 2.4 Dodging
 - Level 1.2 Stealth


You had 2 spell levels left.
You didn't know any spells.
Your spell library was empty.

Inventory:

Hand Weapons
 Y - a +0 shortbow (weapon)
Armour
 g - a +0 scale mail (worn)
Jewellery
 d - an amulet of reflection (around neck)
Potions
 a - a potion of attraction {unknown}

Dungeon Overview and Level Annotations

Branches:
Dungeon (2/15)

Altars:


Message History

You shoot an arrow. The arrow hits the gnoll!
You kill the gnoll!
A frilled lizard comes into view.
You have reached level 3!
Your experience leads to an increase in your attributes!
Increase (S)trength, (I)ntelligence, or (D)exterity?
You feel stronger. x2
You shoot an arrow. The arrow closely misses the gnoll.
The frilled lizard hisses angrily.
The arrow hits the giant cockroach.
The giant cockroach is severely wounded.
You hear a shout!
A gnoll comes into view. It is wielding a +3 spear.
The gnoll hits you with a +0 flail.
You shoot an arrow.
The arrow hits the giant cockroach but does no damage.
The giant cockroach is severely wounded.
You block the gnoll's attack.
The giant cockroach bites you but does no damage.
The gnoll barely misses you.
The gnoll hits you from afar with a +0 spear.
You shoot an arrow. The arrow hits the giant cockroach.
You kill the giant cockroach!
The gnoll closely misses you. You block the gnoll's attack.
You shoot an arrow.
The arrow hits the gnoll but does no damage.
The gnoll closely misses you. The gnoll barely misses you.
You shoot an arrow. The arrow hits the gnoll.
The gnoll is lightly wounded.
The gnoll hits you but does no damage.
The gnoll hits you from afar with a +0 spear.
The gnoll closely misses you. You block the gnoll's attack.
The frilled lizard bites you but does no damage.
The gnoll misses you.
You shoot an arrow. The arrow hits the gnoll!
The gnoll is severely wounded.
You block the gnoll's attack.
The frilled lizard bites you but does no damage.
The gnoll hits you from afar with a +3 spear!
You die...

#.# ###.# ## #+## #....
.# ...## #.#.# .# ....##
##.#.# .# <....##
##..#.# .#
......####.....##.######
......'.........@gg.....
......####.%..###lg#####
.....## ##........#
....## ###.####.# ...##
#.# .. #+## #.# ### #.#
#.#


You could see 3 gnolls and a frilled lizard.

Vanquished Creatures
  A gnoll (D:2)
  A dart slug (D:1)
  A ball python (D:1)
  2 bats (D:1)
  2 endoplasms (D:1)
  2 giant cockroaches
  2 goblins (D:1)
  A hobgoblin (D:1)
  A quokka (D:1)
  A frilled lizard (D:1)
  2 kobolds (D:1)
  2 rats
18 creatures vanquished.

Notes
Turn   | Place    | Note
-------+----------+-------------------------------------------
     0 | D:1      | qw the Deep Elf Hunter began the quest for the Orb.
     0 | D:1      | Reached XP level 1. HP: 12/12 MP: 3/3
     0 | D:1      | 0 ||| qw: Version: 0.3-a-9-g12657ce
     0 | D:1      | 0 ||| qw: Game counter: 3502
     0 | D:1      | 0 ||| qw: Always use a shield: true
     0 | D:1      | 0 ||| qw: God list: Okawaru
     0 | D:1      | 0 ||| qw: Allow faded altars: false
     0 | D:1      | 0 ||| qw: Do Orc after D:15 true
     0 | D:1      | 0 ||| qw: Do second Lair branch before Depths: true
     0 | D:1      | 0 ||| qw: Lair rune preference: random
     0 | D:1      | 0 ||| qw: Plans: Normal
     0 | D:1      | 0 ||| PLANNING D:1-11
   155 | D:1      | Reached skill level 6 in Ranged Weapons
   155 | D:1      | Reached XP level 2. HP: 14/16 MP: 4/4
   708 | D:1      | 708 ||| UPGRADING to +0 scale mail.
   718 | D:1      | 718 ||| DROPPING +0 leather armour.
   719 | D:1      | 719 ||| UPGRADING to amulet of reflection.
   724 | D:1      | 724 ||| READING scroll labelled UCWAHE ROMAESO.
   724 | D:1      | Identified a scroll of acquirement
   724 | D:1      | 724 ||| ACQUIRING 877 gold pieces
   724 | D:1      | Acquired 877 gold pieces
   726 | D:1      | 726 ||| READING scroll labelled OTSANUTOIFF.
   731 | D:1      | 731 ||| DROPPING scroll of butterflies.
   790 | D:2      | Reached XP level 3. HP: 16/20 MP: 5/5
   795 | D:2      | Slain by a gnoll

Levels and vault maps discovered:
D:1:      minmay_arrival_loop, layout_basic, st_stairs_3
D:2:      layout_loops_corners, dreamdust_ecumenical_altar_sealed_demon,
          uniq_sigmund

Skill      XL: |  1 |
---------------+----+-----
Ranged Weapons | 6 |  6.6
Fighting       | |  1.5
Dodging        | |  2.4
Stealth        | |  1.2

Action                     || total
---------------------------++-------
   Fire: Shortbow          ||    59
    Use: Scroll            ||     2
 Armour: Leather armour    ||     7
         Scale mail        ||     4
  Dodge: Dodged            ||    15
  Block: Other             ||     4

Table legend:
 A = Non-vault XP
 B = Vault XP
 C = Vault XP percentage of total XP
 D = Non-vault monster count
 E = Vault monster count
 F = Vault count percentage of total count
                 A         B        C        D         E       F
            +---------+---------+-------+---------+---------+-------
      Total |      39 |       5 |  11.4 |      15 |       3 |  16.7
            +---------+---------+-------+---------+---------+-------
        D:1 |      22 |       5 |  18.5 |      12 |       3 |  20.0
        D:2 |      17 |       0 |   0.0 |       3 |       0 |   0.0
            +---------+---------+-------+---------+---------+-------
